 Dungeon Crawl Stone Soup version 0.19.5 (webtiles) character file.

56 empire the Grave Robber (level 3, -5/26 HPs)
             Began as a Mummy Necromancer on Mar 7, 2017.
             Killed from afar by an orc wizard (7 damage)
             ... with a magic dart
             ... on level 3 of the Dungeon.
             The game lasted 00:04:17 (1818 turns).

empire the Grave Robber (Mummy Necromancer)         Turns: 1818, Time: 00:04:17

Health: -5/26      AC:  4    Str: 11    XL:     3   Next: 71%
Magic:  0/6        EV: 12    Int: 15    God:
Gold:   99         SH:  0    Dex: 12    Spells: 2 memorised, 4 levels left

rFire  x . .     SeeInvis .     b - +0 hand axe (chop)
rCold  + . .     Gourm    .     c - +0 robe
rNeg   + + +     Faith    .     (no shield)
rPois  ∞         Spirit   .     (no helmet)
rElec  .         Reflect  .     (no cloak)
rCorr  .         Harm     .     (no gloves)
MR     .....                    f - +1 pair of boots
Stlth  ++........               (no amulet)
                                (no ring)
                                (no ring)

@: very slightly contaminated
A: no food or potions, fire vulnerability, cold resistance 1, negative energy
resistance 3, torment resistance, unbreathing
a: no special abilities


You were on level 3 of the Dungeon.
You were not hungry.

You visited 1 branch of the dungeon, and saw 3 of its levels.

You collected 99 gold pieces.

Inventory:

Hand Weapons
 a - a +0 short sword
 b - a +0 hand axe of chopping (weapon)
 j - a +2 hand axe of venom
Armour
 c - a +0 robe (worn)
 f - a +1 pair of boots (worn)
Scrolls
 d - a scroll of identify {unknown}
 e - a scroll of recharging {unknown}
 g - a scroll of teleportation {unknown}
 i - a scroll of magic mapping {unknown}
Books
 h - a book of Necromancy

   Spells                             Type                      Level
   a - Pain                           Necromancy                   1
   b - Animate Skeleton               Necromancy                   1
   c - Vampiric Draining              Necromancy                   3
   d - Regeneration                   Charms/Necromancy            3
   e - Animate Dead                   Necromancy                   4
   f - Control Undead                 Necromancy                   4


   Skills:
 + Level 1.1 Fighting
 + Level 2.1 Dodging
 - Level 1.5 Stealth
 - Level 2.0 Spellcasting
 * Level 4.9 Necromancy


You had 4 spell levels left.
You knew the following spells:

 Your Spells              Type           Power        Failure   Level  Hunger
a - Pain                  Necr           ###.         3%          1    N/A
b - Animate Skeleton      Necr           N/A          3%          1    N/A

Dungeon Overview and Level Annotations

Branches:
Dungeon (3/15)

Altars:


Innate Abilities, Weirdness & Mutations

You do not eat or drink.
Your flesh is vulnerable to fire.
You are immune to poison.
Your flesh is cold resistant. (rC+)
You are immune to negative energy. (rN+++)
You are immune to unholy pain and torment.
You can survive without breathing.


Message History

* * * LOW HITPOINT WARNING * * *
Casting: Pain
Confirm with . or Enter, or press ? or * to list all spells.
Aiming: Pain
Press: ? - help, Shift-Dir - straight line, f/p - orc wizard
Aim: an orc wizard, wielding a dagger and wearing a robe (severely wounded, chance to defeat MR: 75%)
The orc wizard struggles to resist.
The orc wizard hits you but does no damage.
The orc wizard gestures wildly while chanting.
The orc wizard blinks!
You hit the orc wizard but do no damage.
The orc wizard is severely wounded.
The orc wizard misses you.
You miss the orc wizard.
The orc wizard is severely wounded.
The orc wizard hits you with a dagger.
* * * LOW HITPOINT WARNING * * *
The orc wizard casts a spell at you. The magic dart hits you!
You die...

.......<#
..........#
.........#
#........#
#........#
#........#
#........####
##..<..<...###
#..@o....%.....
#..............
#####.........####
.......o.#######
##.#####.......#
#...........+
#.####......##
+.......#
##.......#


You could see an orc wizard and an orc.

Vanquished Creatures
  2 adders
  A worm (D:2)
  3 dart slugs (D:1)
  2 leopard geckos (D:2)
  An orc (D:3)
  A giant cockroach (D:3)
  3 goblins
  4 hobgoblins
  3 kobolds
  3 bats
  A frilled lizard (D:1)
  3 rats
27 creatures vanquished.

Vanquished Creatures (collateral kills)
  A kobold (D:1)
1 creature vanquished.

Grand Total: 28 creatures vanquished

Notes
Turn   | Place    | Note
-------+----------+-------------------------------------------
     0 | D:1      | empire the Mummy Necromancer began the quest for the Orb.
     0 | D:1      | Reached XP level 1. HP: 13/13 MP: 3/3
    76 | D:1      | Learned a level 1 spell: Animate Skeleton
   187 | D:1      | Reached XP level 2. HP: 10/20 MP: 5/5
  1270 | D:2      | Reached XP level 3. HP: 25/25 MP: 3/6
  1677 | D:3      | Reached skill level 1 in Fighting
  1817 | D:3      | HP: 1/26 [orc wizard/dagger (3)]
  1818 | D:3      | Killed from afar by an orc wizard

Skill      XL: |  1  2  3 |
---------------+----------+-----
Dodging        | 2 |  2.1
Fighting       | 1 |  1.1
Stealth        | |  1.5
Spellcasting   | |  2.0
Necromancy     | |  4.9

Action                   || total
-------------------------++-------
Melee: Short sword       ||    23
       Hand axe          ||    31
 Cast: Pain              ||    50
       Animate Skeleton  ||     6
 Stab: Sleeping          ||     2
Armor: Robe              ||    21
Dodge: Dodged            ||    37
